| TOP OF THE 1ST |
|
Chicago White Sox batting - Pitching for Milwaukee Brewers : LHP Atlee Hammaker
|
|
Pitching: LHP Atlee Hammaker
|
|
|
Batting: SHB Ozzie Smith
|
0-0: Ball 1-0: Ground out 6-3 (Groundball, 6, EV 99.4 MPH)
|
|
Batting: LHB Rudy Law
|
0-0: Ground out 6-3 (Groundball, 6M, EV 80.0 MPH)
|
|
Batting: RHB Steve Henderson
|
0-0: Fly out, F8 (Flyball, 89XD, EV 90.6 MPH)
|
| Top of the 1st over - 0 runs, 0 hits, 0 errors, 0 left on base; Chicago 0 - Milwaukee 0 |
| BOTTOM OF THE 1ST |
|
Milwaukee Brewers batting - Pitching for Chicago White Sox : RHP Ray Corbin
|
|
Pitching: RHP Ray Corbin
|
|
|
Batting: RHB Steve Sax
|
0-0: SINGLE (Line Drive, 78S, EV 104.4 MPH)
|
|
Batting: LHB Von Hayes
|
0-0: Ball 1-0: Called Strike 1-1: Ball 2-1: Ball 3-1: Swinging Strike 3-2: Fielders Choice at 2nd, 3-6 (Groundball, 3, EV 85.6 MPH)
|
|
Batting: RHB Eric Davis
|
0-0: Called Strike 0-1: Swinging Strike 0-2: Ball 1-2: Ball 2-2: Ball Von Hayes steals 2nd base 3-2: Ground out 6-3 (Groundball, 6, EV 88.1 MPH) Von Hayes to third
|
|
Batting: SHB Eddie Murray
|
0-0: Foul Ball, location: 2F 0-1: Called Strike 0-2: Ball 1-2: Ball 2-2: Fly out, F8 (Flyball, 8RM, EV 75.0 MPH)
|
| Bottom of the 1st over - 0 runs, 1 hit, 0 errors, 1 left on base; Chicago 0 - Milwaukee 0 |
| TOP OF THE 2ND |
|
Chicago White Sox batting - Pitching for Milwaukee Brewers : LHP Atlee Hammaker
|
|
Batting: LHB Mitchell Page
|
0-0: Called Strike 0-1: Ball 1-1: Ball 2-1: Fly out, F6 (Popup, 6, EV 59.4 MPH)
|
|
Batting: RHB Mike Heath
|
0-0: Fly out, F8 (Line Drive, 8LM, EV 108.8 MPH)
|
|
Batting: RHB Jose Castro
|
0-0: SOLO HOME RUN (Flyball, 7D, EV 94.4 MPH), Distance : 378 ft
|
|
Batting: RHB Tim Teufel
|
0-0: Swinging Strike 0-1: Ball 1-1: Ball 2-1: Foul Ball, location: 2F 2-2: Foul Ball, location: 2F 2-2: Ground out 5-3 (Groundball, 56, EV 101.3 MPH)
|
| Top of the 2nd over - 1 run, 1 hit, 0 errors, 0 left on base; Chicago 1 - Milwaukee 0 |
| BOTTOM OF THE 2ND |
|
Milwaukee Brewers batting - Pitching for Chicago White Sox : RHP Ray Corbin
|
|
Batting: LHB Al Oliver
|
0-0: Called Strike 0-1: Ball 1-1: Ball 2-1: Ground out 6-3 (Groundball, 6, EV 92.5 MPH)
|
|
Batting: RHB Thurman Munson
|
0-0: Swinging Strike 0-1: Ball 1-1: SINGLE (Line Drive, 7S, EV 105.0 MPH)
|
|
Batting: RHB Mike Schmidt
|
0-0: Called Strike 0-1: Fly out, F6 (Popup, 6M, EV 60.0 MPH)
|
|
Batting: RHB Ken Landreaux
|
0-0: Called Strike 0-1: Fly out, F9 (Flyball, 9LS, EV 85.0 MPH)
|
| Bottom of the 2nd over - 0 runs, 1 hit, 0 errors, 1 left on base; Chicago 1 - Milwaukee 0 |
| TOP OF THE 3RD |
|
Chicago White Sox batting - Pitching for Milwaukee Brewers : LHP Atlee Hammaker
|
|
Batting: LHB Ryan MacFarland
|
0-0: Called Strike 0-1: Swinging Strike 0-2: Ball 1-2: Ball 2-2: Strikes out looking
|
|
Batting: LHB Steve Christmas
|
0-0: Ball 1-0: Called Strike 1-1: Swinging Strike 1-2: Ball 2-2: Strikes out looking
|
|
Batting: SHB Ozzie Smith
|
0-0: Called Strike 0-1: Foul Ball, location: 2F 0-2: Ball 1-2: Ground out 2-3 (Groundball, 15S, EV 66.9 MPH)
|
| Top of the 3rd over - 0 runs, 0 hits, 0 errors, 0 left on base; Chicago 1 - Milwaukee 0 |
| BOTTOM OF THE 3RD |
|
Milwaukee Brewers batting - Pitching for Chicago White Sox : RHP Ray Corbin
|
|
Batting: SHB Alfredo Griffin
|
0-0: Foul Ball, location: 2F 0-1: Ball 1-1: Ball 2-1: SINGLE (Line Drive, 6D, EV 94.4 MPH)
|
|
Batting: RHB Steve Sax
|
0-0: Ball 1-0: Foul Ball, location: 2F 1-1: Fly out, F8 (Flyball, 8LD, EV 108.8 MPH)
|
|
Batting: LHB Von Hayes
|
0-0: Ball 1-0: Swinging Strike 1-1: Ball 2-1: Foul Ball, location: 2F 2-2: Ball 3-2: Foul Ball, location: 2F 3-2: Single, Error in OF, E7, batter to second base (Line Drive, 56, EV 97.5 MPH) Alfredo Griffin to third
|
|
Batting: RHB Eric Davis
|
0-0: Ball 1-0: Ball 2-0: Ground out 6-3 (Groundball, 6, EV 100.0 MPH) Alfredo Griffin scores
|
|
Batting: SHB Eddie Murray
|
0-0: Swinging Strike 0-1: Ground out 6-3 (Groundball, 6M, EV 106.9 MPH)
|
| Bottom of the 3rd over - 1 run, 2 hits, 1 error, 1 left on base; Chicago 1 - Milwaukee 1 |
| TOP OF THE 4TH |
|
Chicago White Sox batting - Pitching for Milwaukee Brewers : LHP Atlee Hammaker
|
|
Batting: LHB Rudy Law
|
0-0: Called Strike 0-1: Swinging Strike 0-2: Ball 1-2: Ball 2-2: Strikes out looking
|
|
Batting: RHB Steve Henderson
|
0-0: Ball 1-0: Ball 2-0: Fly out, F9 (Line Drive, 9, EV 96.9 MPH)
|
|
Batting: LHB Mitchell Page
|
0-0: Ball 1-0: Swinging Strike 1-1: Ground out 3-1 (Groundball, 34S, EV 82.5 MPH)
|
| Top of the 4th over - 0 runs, 0 hits, 0 errors, 0 left on base; Chicago 1 - Milwaukee 1 |
| BOTTOM OF THE 4TH |
|
Milwaukee Brewers batting - Pitching for Chicago White Sox : RHP Ray Corbin
|
|
Batting: LHB Al Oliver
|
0-0: Ball 1-0: Reached on error, E8 (Flyball, 8RXD, EV 87.5 MPH)
|
|
Batting: RHB Thurman Munson
|
0-0: Ball 1-0: Ball 2-0: Ball 3-0: Called Strike 3-1: SINGLE (Groundball, 6MD, EV 95.6 MPH) Al Oliver to second Runner from 2nd tries for 3rd, SAFE, no throw by CF
|
|
Batting: RHB Mike Schmidt
|
0-0: Called Strike 0-1: Swinging Strike 0-2: Ball Wild Pitch! Al Oliver scores Thurman Munson to second 1-2: Ball 2-2: SINGLE (Groundball, 34D, EV 97.5 MPH) Thurman Munson to third Runner from 3rd tries for Home, SAFE, throw by RF to home
|
|
Batting: RHB Ken Landreaux
|
0-0: Foul Ball, location: 2F 0-1: Called Strike 0-2: Ball 1-2: Ground out 3-1 (Groundball, 34S, EV 83.1 MPH) Mike Schmidt to second
|
|
Batting: SHB Alfredo Griffin
|
0-0: Foul Ball, location: 2F 0-1: Ball 1-1: SINGLE (Line Drive, 6MD, EV 96.3 MPH) Mike Schmidt to third Runner from 3rd tries for Home, SAFE, throw by CF to home
|
|
Batting: RHB Steve Sax
|
0-0: Called Strike 0-1: Fly out, F9 (Flyball, 9LS, EV 91.3 MPH)
|
|
Batting: LHB Von Hayes
|
0-0: Called Strike 0-1: Ball 1-1: Swinging Strike 1-2: 2-RUN HOME RUN (Flyball, 8RXD, EV 106.3 MPH), Distance : 422 ft
|
|
Pitching: RHP Bruce Kison
|
|
|
Batting: RHB Eric Davis
|
0-0: Ball 1-0: Foul Ball, location: 2F 1-1: Foul Ball, location: 2F 1-2: Ball 2-2: Foul Ball, location: 2F 2-2: Foul Ball, location: 2F 2-2: SINGLE (Groundball, 5S, EV 67.5 MPH) (infield hit)
|
|
Batting: SHB Eddie Murray
|
0-0: Called Strike 0-1: Fielders Choice at 2nd, 5-4 (Groundball, 5, EV 88.1 MPH)
|
| Bottom of the 4th over - 5 runs, 5 hits, 1 error, 1 left on base; Chicago 1 - Milwaukee 6 |
| TOP OF THE 5TH |
|
Chicago White Sox batting - Pitching for Milwaukee Brewers : LHP Atlee Hammaker
|
|
Batting: RHB Mike Heath
|
0-0: Swinging Strike 0-1: Fly out, F9 (Flyball, 9LM, EV 85.0 MPH)
|
|
Batting: RHB Jose Castro
|
0-0: Foul Ball, location: 2F 0-1: Ball 1-1: Ball 2-1: Ground out 4-3 (Groundball, 4, EV 85.6 MPH)
|
|
Batting: RHB Tim Teufel
|
0-0: Foul Ball, location: 2F 0-1: Ball 1-1: Ball 2-1: Foul Ball, location: 2F 2-2: Fly out, F6 (Popup, 6MS, EV 70.6 MPH)
|
| Top of the 5th over - 0 runs, 0 hits, 0 errors, 0 left on base; Chicago 1 - Milwaukee 6 |
| BOTTOM OF THE 5TH |
|
Milwaukee Brewers batting - Pitching for Chicago White Sox : RHP Bruce Kison
|
|
Batting: LHB Al Oliver
|
0-0: Called Strike 0-1: Ball 1-1: Ball 2-1: Ball 3-1: Foul Ball, location: 2F 3-2: Ground out 4-3 (Groundball, 4, EV 83.1 MPH)
|
|
Batting: RHB Thurman Munson
|
0-0: Ball 1-0: Foul Ball, location: 2F 1-1: Ball 2-1: Swinging Strike 2-2: Ground out 1-3 (Groundball, 15S, EV 73.1 MPH)
|
|
Batting: RHB Mike Schmidt
|
0-0: Ball 1-0: Foul Ball, location: 2F 1-1: Ball 2-1: Fly out, F7 (Flyball, 7, EV 96.3 MPH)
|
| Bottom of the 5th over - 0 runs, 0 hits, 0 errors, 0 left on base; Chicago 1 - Milwaukee 6 |
| TOP OF THE 6TH |
|
Chicago White Sox batting - Pitching for Milwaukee Brewers : LHP Atlee Hammaker
|
|
Batting: LHB Ryan MacFarland
|
0-0: Foul Ball, location: 2F 0-1: Foul Ball, location: 2F 0-2: Foul Ball, location: 2F 0-2: SINGLE (Groundball, 6MD, EV 100.6 MPH)
|
|
Batting: LHB Steve Christmas
|
0-0: Foul Ball, location: 2F 0-1: Called Strike 0-2: Fielders Choice at 2nd, 1-6 (Groundball, 13, EV 69.4 MPH)
|
|
Batting: SHB Ozzie Smith
|
0-0: Ball 1-0: Foul Ball, location: 2F 1-1: Ball 2-1: Ball 3-1: Foul Ball, location: 2F 3-2: SINGLE (Groundball, P, EV 81.3 MPH) (infield hit) Steve Christmas to second
|
|
Batting: LHB Rudy Law
|
0-0: Swinging Strike 0-1: Ball 1-1: Ball 2-1: Ball 3-1: Foul Ball, location: 2F 3-2: Fly out, F8 (Line Drive, 8RD, EV 91.9 MPH)
|
|
Batting: RHB Steve Henderson
|
0-0: Ball 1-0: Foul Ball, location: 2F 1-1: Ball 2-1: Ball 3-1: Base on Balls Steve Christmas to third Ozzie Smith to second
|
|
Batting: LHB Mitchell Page
|
0-0: Fly out, F9 (Line Drive, 9, EV 108.8 MPH)
|
| Top of the 6th over - 0 runs, 2 hits, 0 errors, 3 left on base; Chicago 1 - Milwaukee 6 |
| BOTTOM OF THE 6TH |
|
Milwaukee Brewers batting - Pitching for Chicago White Sox : RHP Bruce Kison
|
|
Batting: RHB Ken Landreaux
|
0-0: Called Strike 0-1: Ball 1-1: SINGLE (Groundball, 6MD, EV 106.9 MPH)
|
|
Batting: SHB Alfredo Griffin
|
0-0: Called Strike 0-1: Ball 1-1: Fielders Choice at 2nd, 6-4 (Groundball, 6, EV 88.1 MPH)
|
|
Batting: RHB Steve Sax
|
0-0: Ball 1-0: Ball 2-0: Called Strike 2-1: Grounds into double play, 1-6-3 (Groundball, 13S, EV 73.8 MPH)
|
| Bottom of the 6th over - 0 runs, 1 hit, 0 errors, 0 left on base; Chicago 1 - Milwaukee 6 |
| TOP OF THE 7TH |
|
Chicago White Sox batting - Pitching for Milwaukee Brewers : LHP Atlee Hammaker
|
|
Batting: RHB Mike Heath
|
0-0: Fly out, F3 (Flyball, 3D, EV 81.9 MPH)
|
|
Batting: RHB Jose Castro
|
0-0: Ground out 4-3 (Groundball, 4M, EV 98.8 MPH)
|
|
Batting: RHB Tim Teufel
|
0-0: Swinging Strike 0-1: Ball 1-1: Ball 2-1: Fly out, F9 (Flyball, 9LS, EV 78.1 MPH)
|
| Top of the 7th over - 0 runs, 0 hits, 0 errors, 0 left on base; Chicago 1 - Milwaukee 6 |
| BOTTOM OF THE 7TH |
|
Milwaukee Brewers batting - Pitching for Chicago White Sox : RHP Bruce Kison
|
|
Batting: LHB Von Hayes
|
0-0: Ball 1-0: Foul Ball, location: 2F 1-1: Swinging Strike 1-2: Foul Ball, location: 2F 1-2: Fly out, F9 (Flyball, 9D, EV 95.0 MPH)
|
|
Batting: RHB Eric Davis
|
0-0: Called Strike 0-1: SINGLE (Groundball, 6MD, EV 104.4 MPH)
|
|
Batting: SHB Eddie Murray
|
0-0: Called Strike 0-1: DOUBLE (Groundball, 5L, EV 105.6 MPH) Eric Davis to third Runner from 3rd tries for Home, SAFE, no throw by LF
|
|
Batting: LHB Al Oliver
|
0-0: Ball 1-0: Foul Ball, location: 2F 1-1: Fly out, F8 (Line Drive, 8RM, EV 86.9 MPH)
|
|
Batting: RHB Thurman Munson
|
0-0: Ball 1-0: Foul Ball, location: 2F 1-1: Fly out, F7 (Flyball, 7LM, EV 87.5 MPH)
|
| Bottom of the 7th over - 1 run, 2 hits, 0 errors, 1 left on base; Chicago 1 - Milwaukee 7 |
| TOP OF THE 8TH |
|
Chicago White Sox batting - Pitching for Milwaukee Brewers : LHP Atlee Hammaker
|
|
Batting: LHB Ryan MacFarland
|
0-0: Called Strike 0-1: Fly out, F9 (Flyball, 9LS, EV 90.6 MPH)
|
|
Batting: LHB Steve Christmas
|
0-0: Called Strike 0-1: DOUBLE (Line Drive, 7LS, EV 105.0 MPH)
|
|
Batting: SHB Ozzie Smith
|
0-0: Ball 1-0: Called Strike 1-1: Called Strike 1-2: Fly out, F8 (Line Drive, 8RM, EV 85.0 MPH)
|
|
Batting: LHB Rudy Law
|
0-0: Called Strike 0-1: Swinging Strike 0-2: Ball 1-2: SINGLE (Groundball, 25, EV 60.6 MPH) (infield hit) Steve Christmas to third
|
|
Batting: RHB Steve Henderson
|
0-0: Swinging Strike 0-1: Ball 1-1: Ball 2-1: DOUBLE (Groundball, 5L, EV 100.6 MPH) Steve Christmas scores Rudy Law to third Runner from 3rd tries for Home, SAFE, no throw by LF
|
|
Batting: LHB Mitchell Page
|
0-0: Swinging Strike 0-1: Ball 1-1: Swinging Strike 1-2: Ground out 4-3 (Groundball, 4, EV 78.8 MPH)
|
| Top of the 8th over - 2 runs, 3 hits, 0 errors, 1 left on base; Chicago 3 - Milwaukee 7 |
| BOTTOM OF THE 8TH |
|
Milwaukee Brewers batting - Pitching for Chicago White Sox : RHP Bruce Kison
|
|
Batting: RHB Mike Schmidt
|
0-0: Ball 1-0: Called Strike 1-1: Foul Ball, location: 2F 1-2: Foul Ball, location: 2F 1-2: SINGLE (Groundball, 6D, EV 102.5 MPH)
|
|
Pitching: LHP Gary Christophel
|
|
|
Batting: RHB Ken Landreaux
|
0-0: Fielders Choice at 2nd, 6-4 (Groundball, 6, EV 83.8 MPH)
|
|
Batting: SHB Alfredo Griffin
|
0-0: Ball 1-0: Foul Ball, location: 2F 1-1: Fly out, F9 (Flyball, 9D, EV 96.3 MPH) Runner from 1st tags up, SAFE at 2nd
|
|
Batting: RHB Steve Sax
|
0-0: Ball 1-0: Ball 2-0: Ball 3-0: Base on Balls
|
|
Batting: LHB Von Hayes
|
0-0: Fly out, F8 (Flyball, 8LM, EV 79.4 MPH)
|
| Bottom of the 8th over - 0 runs, 1 hit, 0 errors, 2 left on base; Chicago 3 - Milwaukee 7 |
| TOP OF THE 9TH |
|
Chicago White Sox batting - Pitching for Milwaukee Brewers : LHP Atlee Hammaker
|
|
Now at 3B: Pat Tabler
|
|
|
Batting: RHB Mike Heath
|
0-0: Called Strike 0-1: Ball 1-1: Ball 2-1: Fly out, F9 (Flyball, 89S, EV 87.5 MPH)
|
|
Batting: RHB Jose Castro
|
0-0: Ball 1-0: Fly out, F7 (Flyball, 78D, EV 95.6 MPH)
|
|
Batting: RHB Tim Teufel
|
0-0: DOUBLE (Line Drive, 78XD, EV 103.1 MPH)
|
|
Batting: LHB Ryan MacFarland
|
0-0: Ground out U3 (Groundball, 3, EV 83.1 MPH)
|
| Top of the 9th over - 0 runs, 1 hit, 0 errors, 1 left on base; Chicago 3 - Milwaukee 7 |
|